 Dungeon Crawl Stone Soup version 0.26-a0-610-g3e9335b (webtiles) character file.

Game seed: 17068049959570416728

2746 Stryker398 the Thaumaturge (level 9, -14/42 HPs)
             Began as a Spriggan Conjurer on Sept 3, 2020.
             Was an Elder of Nemelex Xobeh.
             Splashed by an oklob plant's acid (17 damage)
             ... on level 8 of the Dungeon.
             The game lasted 00:54:26 (7181 turns).

Stryker398 the Thaumaturge (Spriggan Conjurer)      Turns: 7181, Time: 00:54:27

Health: -14/42     AC: -3    Str:  4    XL:     9   Next: 41%
Magic:  0/22       EV: 21    Int: 21    God:    Nemelex Xobeh [****..]
Gold:   401        SH:  0    Dex: 15    Spells: 11/25 levels left

rFire    . . .     SeeInvis +   B - +2 falchion (holy)
rCold    . . .     Faith    .   (shield restricted)
rNeg     + . .     Spirit   +   F - +2 robe {MR+}
rPois    .         Reflect  .   (helmet restricted)
rElec    .         Harm     .   d - +0 cloak
rCorr    .                      (gloves unavailable)
MR       ++...                  (boots unavailable)
Stlth    +++.......             i - amulet of guardian spirit
HPRegen  0.14/turn              o - ring of positive energy
MPRegen  0.18/turn              c - +4 ring of protection

@: corroded, very quick
A: very small, unfitting armour, see invisible, speed 3
a: Draw Escape, Draw Destruction, Draw Summoning, Triple Draw, Deal Four,
Renounce Religion


You were on level 8 of the Dungeon.
You worshipped Nemelex Xobeh.
Nemelex Xobeh was greatly pleased with you.
You visited 1 branch of the dungeon, and saw 8 of its levels.

You collected 401 gold pieces.

Inventory:

Hand Weapons
 b - a +0 rapier
 n - a +2 short sword of draining
 t - a +0 quarterstaff
 B - a +2 falchion of holy wrath (weapon)
 E - a +1 whip of electrocution
Missiles
 D - 8 poisoned darts (quivered)
Armour
 a - a +0 robe
 d - a +0 cloak (worn)
 z - a +0 robe of cold resistance
 F - a +2 robe of magic resistance (worn)
Jewellery
 c - a +4 ring of protection (right hand)
 f - an uncursed ring of protection from fire
 i - an amulet of guardian spirit (around neck)
 o - a ring of positive energy (left hand)
Wands
 h - a wand of acid (19)
 w - a wand of random effects (7)
Scrolls
 e - a scroll of remove curse
 g - a scroll of noise {unknown}
 k - a scroll of enchant armour {unknown}
 m - a scroll of fear
 p - a scroll of immolation {unknown}
 s - a scroll of teleportation {unknown}
 u - a scroll of amnesia {unknown}
 y - a scroll of identify
Potions
 j - a potion of magic
 l - a potion of heal wounds
 q - 5 potions of lignification
 r - a potion of might
 v - a potion of mutation {unknown}
 x - 2 potions of resistance {unknown}
 A - 2 potions of curing {unknown}
 C - a potion of brilliance {unknown}


   Skills:
 + Level 1.9 Fighting
 + Level 5.5 Short Blades
 + Level 6.1 Dodging
 + Level 5.7 Stealth
 + Level 8.6 Spellcasting
 + Level 6.7 Conjurations
 + Level 1.2 Hexes


You had 11 spell levels left.
You knew the following spells:

 Your Spells              Type           Power        Failure   Level
a - Magic Dart            Conj           ####         1%          1
b - Searing Ray           Conj           #####.       1%          2
c - Dazzling Flash        Conj/Hex       ####..       4%          3
d - Fulminant Prism       Conj/Hex       ####......   14%         4
e - Iskenderun's Mystic   Conj/Tloc      ###.....     19%         4

Your spell library contained the following spells:

 Spells                   Type           Power        Failure   Level


Dungeon Overview and Level Annotations

Branches:
Dungeon (8/15)             Temple (0/1) D:4
   Lair: D:8-11

Altars:
Elyvilon
Gozag
Nemelex Xobeh
Okawaru
Qazlal
Ru
Vehumet
Xom

Annotations:
D:8 exclusion: 3 oklob plants


Innate Abilities, Weirdness & Mutations

You are very small and have problems with some larger weapons.
You are too small for most types of armour.
You have supernaturally acute eyesight. (SInv)
You cover ground extremely quickly.


Message History

Found 7 javelins.
Casting: Searing Ray (safe; 1% risk of failure)
Confirm with . or Enter, or press ? or * to list all spells.
Aiming: Searing Ray (safe; 1% risk of failure)
Press: ? - help, Shift-Dir - straight line, f - oklob plant
Aim: an oklob plant The searing ray hits the oklob plant.
The oklob plant is lightly damaged. (Press . to maintain the ray.)
The oklob plant spits acid at you. The splash of acid hits you!
The acid corrodes you!
You are splashed with acid!
The oklob plant spits acid at you. The splash of acid hits you!
The acid corrodes you!
You are splashed with acid!
* * * LOW HITPOINT WARNING * * *
The oklob plant spits acid at you. The splash of acid hits you!
* * * LOW HITPOINT WARNING * * *
The acid corrodes you!
You are splashed with acid!!
You die...
Your body disappears without a glow.

#.#.#.# #####.#.#.#
#......#
##.<.......#####......##
.......#.#.##.##<.#.....
.#.....#.#.#.#.#........
...###...#...†..........
##...>....†.............
##.....####.#.#.......P.
.......#####<...@...PPPP
.........# ##.#......P?P
........)# #.#.....P..(
.........# #.#.....P.P.
###...##......#....PPP..
# #...##..#####......P)P
...........# #......PP.
####..##...# #.........
#..##...#


You could see 3 oklob plants.

Vanquished Creatures
  Pikel (D:8)
  Joseph (D:7)
  Grinder (D:6)
  Sigmund (D:3)
  Eustachio (D:6)
  Menkaure (D:7)
  A floating eye (D:8)
  An ice beast (D:7)
  A sky beast (D:6)
  2 ogres
  2 phantoms
  A lemure (D:8)
  A bullfrog (D:6)
  2 scorpions
  2 orc priests (D:6)
  Terence (D:3)
  6 orc wizards
  4 worker ants
  A worker ant zombie (D:5)
  3 adders
  6 gnolls
  A shadow imp (D:2)
  3 ufetubi
  2 oozes
  An adder skeleton (D:4)
  An adder zombie (D:7)
  A worm (D:2)
  A dart slug (D:3)
  5 leopard geckos
  14 orcs
  A ball python (D:4)
  A giant cockroach (D:3)
  A goblin (D:1)
  2 hobgoblins (D:2)
  13 jackals
  A kobold (D:2)
  4 bats
  3 frilled lizards
  2 rats (D:3)
97 creatures vanquished.

Vanquished Creatures (others)
  A scorpion (D:6)
  An orc (D:3)
  2 fulminant prisms
  3 plants (D:8)
7 creatures vanquished.

Grand Total: 104 creatures vanquished

Notes
Turn   | Place    | Note
-------+----------+-------------------------------------------
     0 | D:1      | Stryker398 the Spriggan Conjurer began the quest for the
                  | Orb.
     0 | D:1      | Reached XP level 1. HP: 9/9 MP: 5/5
    19 | D:1      | You fall into a shaft and drop 1 floor!
    56 | D:2      | Found a sparkling altar of Nemelex Xobeh.
    65 | D:2      | Became a worshipper of Nemelex Xobeh the Trickster
   213 | D:2      | Reached XP level 2. HP: 5/13 MP: 0/6
   617 | D:2      | Found a shimmering altar of Xom.
   713 | D:2      | Received a gift from Nemelex Xobeh
   959 | D:2      | Reached skill level 3 in Spellcasting
   963 | D:2      | Learned a level 2 spell: Searing Ray
   984 | D:2      | Reached XP level 3. HP: 7/16 MP: 2/8
  1009 | D:2      | Found an iron altar of Okawaru.
  1400 | D:2      | Found an opulent altar of Gozag.
  1407 | D:2      | Found a sacrificial altar of Ru.
  1759 | D:3      | Reached skill level 1 in Short Blades
  1786 | D:3      | Reached XP level 4. HP: 15/21 MP: 0/9
  2219 | D:3      | Noticed Terence
  2228 | D:3      | Killed Terence
  2396 | D:3      | Reached * piety under Nemelex Xobeh
  2396 | D:3      | Received a gift from Nemelex Xobeh
  2881 | D:3      | Noticed Sigmund
  2887 | D:3      | Killed Sigmund
  2887 | D:3      | Reached skill level 1 in Fighting
  2887 | D:3      | Reached XP level 5. HP: 25/25 MP: 2/11
  2887 | D:3      | Reached XP level 6. HP: 30/30 MP: 2/12
  3070 | D:4      | Reached skill level 4 in Spellcasting
  3335 | D:4      | Learned a level 3 spell: Dazzling Flash
  3340 | D:4      | Learned a level 4 spell: Fulminant Prism
  3436 | D:4      | Found a white marble altar of Elyvilon.
  3647 | D:4      | Reached XP level 7. HP: 33/33 MP: 11/14
  3919 | D:4      | Found a staircase to the Ecumenical Temple.
  4067 | D:4      | Received a gift from Nemelex Xobeh
  4070 | D:4      | Reached ** piety under Nemelex Xobeh
  4215 | D:5      | Entered Level 5 of the Dungeon
  4221 | D:5      | Learned a level 4 spell: Iskenderun's Mystic Blast
  4630 | D:5      | Found a stormy altar of Qazlal.
  4664 | D:5      | Reached skill level 5 in Dodging
  4664 | D:5      | Reached skill level 5 in Spellcasting
  5119 | D:6      | Reached skill level 5 in Short Blades
  5194 | D:6      | Noticed Eustachio
  5205 | D:6      | Killed Eustachio
  5205 | D:6      | Reached skill level 5 in Conjurations
  5205 | D:6      | Reached XP level 8. HP: 37/37 MP: 13/17
  5205 | D:6      | Noticed Grinder
  5220 | D:6      | Killed Grinder
  5220 | D:6      | Reached skill level 6 in Spellcasting
  5348 | D:6      | Reached *** piety under Nemelex Xobeh
  5414 | D:6      | Received a gift from Nemelex Xobeh
  5473 | D:6      | Reached skill level 5 in Stealth
  5670 | D:6      | Found a shimmering altar of Xom.
  5670 | D:6      | Found a shimmering altar of Xom.
  5677 | D:6      | Found a shimmering altar of Xom.
  6049 | D:7      | Received a gift from Nemelex Xobeh
  6131 | D:7      | Noticed Menkaure
  6140 | D:7      | Killed Menkaure
  6140 | D:7      | Reached skill level 7 in Spellcasting
  6543 | D:7      | Reached **** piety under Nemelex Xobeh
  6600 | D:7      | Found a radiant altar of Vehumet.
  6921 | D:7      | Noticed Joseph
  6934 | D:7      | Killed Joseph
  6934 | D:7      | Reached XP level 9. HP: 42/42 MP: 12/21
  6996 | D:8      | Received a gift from Nemelex Xobeh
  7063 | D:8      | Noticed Pikel
  7071 | D:8      | Killed Pikel
  7071 | D:8      | Reached skill level 8 in Spellcasting
  7071 | D:8      | Reached skill level 1 in Hexes
  7176 | D:8      | Noticed an oklob plant
  7178 | D:8      | Noticed an oklob plant
  7179 | D:8      | Noticed an oklob plant
  7181 | D:8      | Splashed by an oklob plant's acid

Illustrated notes

Levels and vault maps discovered:
D:1:      roderic_chinese_lattice_arrival, layout_basic,
          chequers_serial_rivers_room_b, minmay_pentomino_o2
D:2:      layout_basic, okawaru_metal_pillars_3, marbit_many_paths,
          nicolae_overflow_crystal_walls, amethyst_overflow_temple_binary
D:3:      layout_loops_corners, st_stairs_13, uniq_sigmund, uniq_terence
D:4:      layout_loops_ring, kennysheep_little_box,
          minmay_temple_entry_mini_moons, grunt_ministairs_8
D:5:      layout_gridville, nicolae_qazlal_general_emergency
D:6:      layout_basic, xom_redecorated, uniq_grinder, uniq_eustachio
D:7:      layout_gridville, nicolae_overflow_hidden_temple, uniq_joseph,
          uniq_menkaure
D:8:      layout_loops_ring, kennysheep_mini, disabler_island, uniq_pikel

Skill      XL: |  1  2  3  4  5  6  7  8  9 |
---------------+----------------------------+-----
Conjurations   | 3 4 5 6 |  6.7
Spellcasting   | 3 4 5 7 8 |  8.6
Short Blades   | 1 3 4 5 |  5.5
Fighting       | 1 |  1.9
Dodging        | 4 5 6 |  6.1
Stealth        | 4 5 |  5.7
Hexes          | 1 |  1.2

Action                   |  1- 3 |  4- 6 |  7- 9 || total
-------------------------+-------+-------+-------++-------
Melee: Rapier            |    53 |    32 |       ||    85
       Short sword       |       |     5 |     8 ||    13
       Falchion          |       |       |     1 ||     1
 Cast: Magic Dart        |    49 |    24 |    18 ||    91
       Searing Ray       |     2 |    21 |    44 ||    67
       Fulminant Prism   |       |       |     2 ||     2
Invok: Draw Destruction  |     1 |     1 |     3 ||     5
  Use: Scroll            |     2 |     3 |     2 ||     7
       Potion            |     2 |       |       ||     2
Armor: Robe              |     7 |    16 |     7 ||    30
Dodge: Dodged            |    64 |    53 |    29 ||   146
       Rpst.: Falchion   |       |       |     1 ||     1

Table legend: (Time is in decaauts)
 A = Elapsed time spent in this place.
 B = Non-inter-level travel time spent in this place.
 C = Inter-level travel time spent in this place.
 D = Time resting spent in this place.
 E = Time spent auto-exploring this place.
 F = Levels seen in this place.
 G = Mean time per level.
                   A        B        C        D        E       F      G
               +--------+--------+--------+--------+--------+-----+--------+
         Total |   5652 |   5652 |      0 |    163 |   4385 |   8 |  706.5 |
       Dungeon |   5652 |   5652 |      0 |    163 |   4385 |   8 |  706.5 |
               +--------+--------+--------+--------+--------+-----+--------+

Top non-repeatable levels by time:
     D:2: 1331 daAuts
     D:3: 1124 daAuts
     D:4: 947 daAuts
     D:7: 700 daAuts
     D:6: 672 daAuts
     D:5: 657 daAuts
     D:8: 203 daAuts
     D:1: 16 daAuts
